 Dungeon Crawl Stone Soup version 0.18-a0-1789-gbeff17f (webtiles) character file.

179 dobroeutro the Covered (level 5, -4/33 HPs)
             Began as a Gargoyle Fighter on Apr 21, 2016.
             Was an Initiate of Okawaru.
             Killed by nerve-wracking pain
             ... invoked by a shadow imp
             ... summoned by Eustachio
              (9 damage)
             ... on level 4 of the Dungeon.
             The game lasted 00:04:41 (2806 turns).

dobroeutro the Covered (Gargoyle Fighter)           Turns: 2806, Time: 00:04:43

Health: -4/33      AC: 11    Str: 20    XL:     5   Next: 59%
Magic:  0/5        EV:  7    Int:  9    God:    Okawaru [......]
Gold:   70         SH:  9    Dex:  9    Spells: 0 memorised, 4 levels left

rFire  . . .     SeeInvis +     a - +0 flail
rCold  . . .     Gourm    .     b - +0 scale mail
rNeg   + . .     Faith    .     c - +0 shield
rPois  ∞         Spirit   +     (no helmet)
rElec  +         Dismiss  .     (no cloak)
rCorr  .         Reflect  .     (no gloves)
SustAt +         Harm     .     (no boots)
MR     .....                    u - amulet of guardian spirit
Stlth  ..........               g - ring of sustain attributes
                                h - ring of see invisible

@: not resistant to hostile enchantments, extremely unstealthy
A: negative energy resistance 1, electricity resistance, unbreathing,
petrification resistance, rot immunity, AC +4
a: Renounce Religion


You were on level 4 of the Dungeon.
You worshipped Okawaru.
Okawaru was noncommittal.
You were not hungry.

You visited 2 branches of the dungeon, and saw 5 of its levels.

You collected 70 gold pieces.

Inventory:

Hand Weapons
 a - a +0 flail (weapon)
Armour
 b - a +0 scale mail (worn)
 c - a +0 shield (worn)
Jewellery
 g - a ring of sustain attributes (right hand)
 h - a ring of see invisible (left hand)
 r - an uncursed ring of flight
 u - an amulet of guardian spirit (around neck)
Scrolls
 e - 5 scrolls of teleportation {unknown}
 l - a scroll of immolation {unknown}
 n - a scroll of fear {unknown}
 o - a scroll of random uselessness {unknown}
 p - a scroll of identify {unknown}
 v - a scroll of fog {unknown}
 x - a scroll of enchant armour {unknown}
Potions
 d - 2 potions of might
 i - a potion of beneficial mutation {unknown}
 j - 2 potions of curing {unknown}
 k - 3 potions of degeneration {unknown}
 m - a potion of invisibility {unknown}
 w - a potion of agility {unknown}
Comestibles
 f - 4 bread rations
 q - 3 fruits
 t - 3 beef jerkies


   Skills:
 + Level 4.2 Fighting
 + Level 3.1 Maces & Flails
 + Level 4.6 Armour
 + Level 4.3 Shields


You had 4 spell levels left.
You didn't know any spells.

Dungeon Overview and Level Annotations

Branches:
Dungeon (4/15)             Temple (1/1) D:4

Altars:
Ashenzari
Cheibriados
Dithmenos
Elyvilon
Fedhas
Gozag
Kikubaaqudgha
Makhleb
Nemelex Xobeh
Okawaru
Pakellas
Qazlal
Ru
Trog
Vehumet
Xom
Yredelemnul
The Shining One

Annotations:
D:4 Dowan; Duvessa; Eustachio; Zhenya25pyc's ghost, amateur GrFi


Innate Abilities, Weirdness & Mutations

You are resistant to torment.
Your stone body is resilient (AC +4).
You are immune to poison.
You resist negative energy.
You are resistant to electric shocks.
You can survive without breathing.
You are immune to petrification.
You are immune to rotting.


Message History

The ufetubus hits you but does no damage. x2
The shadow imp hits you but does no damage.
The ufetubus hits you but does no damage.
The ufetubus closely misses you. The bat hits you but does no damage.
The quokka bites you. You block the ufetubus's attack. The ufetubus hits you.
* * * LOW HITPOINT WARNING * * *
You closely miss Eustachio.
Eustachio is almost dead.
You block the bat's attack. The bat hits you but does no damage.
You block the ufetubus's attack. x2
The ufetubus hits you but does no damage. x2
The shadow imp barely misses you. The quokka bites you.
* * * LOW HITPOINT WARNING * * *
The ufetubus hits you but does no damage. x2
Eustachio hits you with a falchion.
* * * LOW HITPOINT WARNING * * *
The ufetubus barely misses you. You block the ufetubus's attack.
The shadow imp gestures at you. Pain shoots through your body!
You die...

#.#.##############
#####...##............
#+#...........###.....##
............).#≈≈≈≈≈≈≈≈≈
.........>....#≈#.....#≈
...............≈.......≈
!..............≈.......≈
......@55......≈...>...≈
......b@5......≈.......≈
?...!.r........≈.......≈
..............#≈#.....#≈
###...........#≈≈≈≈≈≈≈≈≈
##########..###.....##
........... ...........


You could see Eustachio, a shadow imp, 2 ufetubi, a quokka and a bat.

Vanquished Creatures
  An orc wizard (D:3)
  An iguana (D:3)
  3 adders
  3 oozes
  2 dart slugs
  3 giant geckos
  7 orcs
  5 giant cockroaches
  9 hobgoblins
  5 jackals
  3 kobolds
  A quokka (D:2)
  A ball python (D:2)
  5 bats
  2 giant newts (D:2)
  10 goblins
  8 rats
69 creatures vanquished.

Notes
Turn   | Place    | Note
--------------------------------------------------------------
     0 | D:1      | dobroeutro the Gargoyle Fighter began the quest for the Orb.
     0 | D:1      | Reached XP level 1. HP: 14/14 MP: 1/1
    70 | D:1      | Reached XP level 2. HP: 19/19 MP: 2/2
   636 | D:2      | Reached XP level 3. HP: 21/24 MP: 3/3
   961 | D:2      | Reached XP level 4. HP: 27/29 MP: 4/4
  1293 | D:3      | Found a faded altar to an unknown god.
  1341 | D:3      | Reached XP level 5. HP: 12/33 MP: 5/5
  2008 | D:4      | Noticed Zhenya25pyc's ghost (amateur GrFi)
  2271 | D:4      | Noticed Dowan
  2273 | D:4      | Noticed Duvessa
  2607 | D:4      | Found a staircase to the Ecumenical Temple.
  2612 | Temple   | Entered the Ecumenical Temple
  2723 | Temple   | Became a worshipper of Warmaster Okawaru
  2778 | D:4      | Noticed Eustachio
  2806 | D:4      | Killed from afar by a shadow imp

Vault maps used:
D:1:      lightli_arrival_maybe_door_vault
D:2:      minmay_misc_feat_secret_circle
D:3:      ecumenical_altar_1
D:4:      minmay_temple_entry_water_ring, first_bread, portal_sewer_entry_e,
          uniq_eustachio, uniq_duvessa, uniq_robin
Temple:   kilobyte_greek_temple_18

Skill      XL: |  1  2  3  4 |
---------------+-------------+-----
Fighting       | 4 |  4.2
Armour         | 4 |  4.6
Maces & Flails | 3 |  3.1
Shields        | 4 |  4.3

Action                   |  1- 3 |  4- 6 || total
-------------------------+-------+-------++-------
Melee: Flail             |   137 |   185 ||   322
  Eat: Chunk             |       |     4 ||     4
       Bread ration      |       |     1 ||     1
Armor: Scale mail        |    80 |   138 ||   218
Dodge: Dodged            |    41 |    86 ||   127
Block: Shield            |    73 |   113 ||   186
